AoeStats
← Dragon

Marketplace

504548261Analyzed
1v1 RM · 26d ago on Sep 5, 2026· 50m 3s· 2 players
Game mode
Random Map
Map size
Tiny (2 player)
Population
200
Speed
Normal
Resources
Standard
Victory
Conquest
Starting age
Dark Age
Ending age
Imperial Age
RankedLock teamsTeams togetherTeam positionsShared explorationLock speedFull tech treeHidden civsTurbo modeCheats
Victory
Defeat
🇩🇪 Magyars · Germany
1241
+17
🇺🇸 Poles · United States
1271
-17
Dragon
4:41 Loom
10:17 Feudal Age
17:05 Castle Age
18:23 Fletching
21:25 Double-Bit Axe
22:19 Padded Archer Armor
24:36 Bodkin Arrow
28:25 Bow Saw
30:35 Bloodlines
30:26 Husbandry
31:38 Wheelbarrow
31:41 Gold Mining
38:14 Imperial Age
35:58 Scale Barding Armor
35:51 Horse Collar
37:02 Chain Barding Armor
38:28 Cavalier
40:14 Plate Barding Armor
39:57 Cavalier
41:54 Paladin
45:26 Conscription
49:57 Elite Magyar Huszar
50:02 Light Cavalry
Nice Town... >:)
7:00 Loom
9:24 Feudal Age
9:58 Double-Bit Axe
10:00 Horse Collar
18:44 Castle Age
20:14 Bow Saw
21:45 Redemption
26:13 Sanctity
27:32 Wheelbarrow
31:31 Imperial Age
30:40 Crossbowman
31:38 Fletching
32:09 Thumb Ring
32:27 Ballistics
32:25 Bodkin Arrow
33:25 Bracer
38:47 Chemistry
37:40 Arbalester
42:43 Padded Archer Armor
42:50 Heavy Plow
44:03 Leather Archer Armor
43:54 Scale Barding Armor
45:22 Bloodlines
45:12 Husbandry
44:33 Light Cavalry
46:01 Murder Holes
48:39 Chain Barding Armor
48:30 Forging
48:39 Winged Hussar
50:18 Lechitic Legacy
Connection lost

Rejoining the realm…

Still unreachable

The connection could not be restored.

Session expired

The server has moved on; the page needs a fresh start.